 Dungeon Crawl Stone Soup version 0.30-a0-534-gdc55766716 (webtiles) character file.

Game seed: 10930025173365180435

104 bande the Covered (level 4, -4/29 HPs)
             Began as a Gargoyle Fighter on Dec 25, 2022.
             Frozen to death by an endoplasm (5 damage)
             ... on level 3 of the Dungeon.
             The game lasted 00:02:18 (1537 turns).

bande the Covered (Gargoyle Fighter)                Turns: 1537, Time: 00:02:19

Health: -4/29      AC: 10    Str: 17 (19) XL:     4   Next: 80%
Magic:  4/4        EV:  6    Int:  6 (9)  God:
Gold:   66         SH:  4    Dex:  8 (11) Spells: 3/3 levels left

rFire   . . .      SeeInvis .    a - +0 war axe
rCold   . . .      Faith    .    c - +0 buckler
rNeg    + . .      Spirit   .    b - +0 scale mail
rPois   ∞          Reflect  .    (no helmet)
rElec   +          Harm     .    (no cloak)
rCorr   .          Rampage  .    (no gloves)
Will    .....                    (no boots) Stlth
                                 (no amulet)
HPRegen 0.24/turn                (no ring)
MPRegen 0.09/turn                (no ring)

@: attractive, flying, constricted
A: sickness immunity, AC +3, negative energy resistance 1, electricity
resistance, torment resistance 1, petrification resistance
a: no special abilities


You were on level 3 of the Dungeon.
You visited 1 branch of the dungeon, and saw 3 of its levels.

You collected 66 gold pieces.

Inventory:

Hand Weapons
 a - a +0 war axe (weapon)
Armour
 b - a +0 scale mail (worn)
 c - a +0 buckler (worn)
Jewellery
 k - a ring of magical power
 q - the ring "Cuny" {Wiz *Slow Str+9 Dex+2}
   (You found it on level 2 of the Dungeon)

   [ring of wizardry]

   It improves your spell success rate.
   Str:       It affects your strength (+9).
   Dex:       It affects your dexterity (+2).
   *Slow:     It may slow you when you take damage.
Scrolls
 e - 7 scrolls of teleportation {unknown}
 f - a scroll of enchant weapon {unknown}
 g - 2 scrolls of poison {unknown}
 h - a scroll of noise {unknown}
 i - 2 scrolls of amnesia {unknown}
 l - 2 scrolls of immolation {unknown}
 m - a scroll of fog {unknown}
 n - 3 scrolls of identify {unknown}
Potions
 d - a potion of might


   Skills:
 + Level 3.8 Fighting
 + Level 2.8 Axes
 + Level 4.3 Armour
 + Level 3.9 Shields


You had 3 spell levels left.
You didn't know any spells.
Your spell library was empty.

Dungeon Overview and Level Annotations

Branches:
Dungeon (3/15)

Altars:
Xom


Innate Abilities, Weirdness & Mutations

You are immune to sickness and miasma.
Your stone body is resilient. (AC +3)
You are immune to poison.
You resist negative energy. (rN+)
You are resistant to electric shocks. (rElec)
You are resistant to unholy torment.
You are immune to petrification.


Message History

The endoplasm hits you but does no damage.
The scorpion closely misses you. The ball python barely misses you.
The ball python constricts you. The endoplasm hits you.
* * * LOW HITPOINT WARNING * * *
Unknown command.
It was a potion of flight.
You feel very buoyant.
You fly up into the air.
You block the scorpion's attack. The ball python bites you.
* * * LOW HITPOINT WARNING * * *
The ball python constricts you. The scorpion barely misses you.
The endoplasm jiggles.
The endoplasm hits you.
* * * LOW HITPOINT WARNING * * *
It was a potion of degeneration.
There was something very wrong with that liquid.
You feel weakened.
You feel dopey.
You feel clumsy.
The ball python bites you but does no damage.
The ball python constricts you.
The scorpion stings you but does no damage.
The endoplasm hits you but does no damage.
It was a potion of attraction.
You feel attractive to monsters.
The ball python bites you but does no damage.
The ball python constricts you. You block the scorpion's attack.
The endoplasm barely misses you.
Unknown command.
You closely miss the scorpion.
The scorpion is lightly wounded.
You hit the endoplasm. You barely miss the ball python.
The ball python bites you but does no damage.
The ball python constricts you.
* * * LOW HITPOINT WARNING * * *
You block the scorpion's attack.
The ball python bites you but does no damage.
The ball python constricts you.
* * * LOW HITPOINT WARNING * * *
The endoplasm freezes you.
You are frozen.
You die...

#.. #. #.. ##..
##.. #... #.. #...
#.# #..# ###.##...#
###.###..)#..#.#...
.......†.†s@S......
....###<###J#.##?..
. #.# ......
..#..§..###
..≈≈.§≈....
..≈§..§≈≈####
###§§☼.~~§#
#§§☼°~.§# #≈~~○☼


You could see a scorpion, an endoplasm and a ball python.

Vanquished Creatures
  4 adders
  A worm (D:2)
  A dart slug (D:3)
  2 ball pythons
  11 endoplasms
  2 giant cockroaches
  8 goblins
  5 hobgoblins
  3 kobolds (D:2)
  2 quokkas
  9 bats
  4 frilled lizards
  7 rats
59 creatures vanquished.

Notes
Turn   | Place    | Note
-------+----------+-------------------------------------------
     0 | D:1      | bande the Gargoyle Fighter began the quest for the Orb.
     0 | D:1      | Reached XP level 1. HP: 14/14 MP: 1/1
   275 | D:1      | Reached XP level 2. HP: 14/19 MP: 2/2
   386 | D:1      | Found a faded altar of an unknown god.
   664 | D:2      | Reached XP level 3. HP: 23/23 MP: 3/3
   775 | D:2      | Reached skill level 4 in Armour
  1106 | D:2      | Reached XP level 4. HP: 28/29 MP: 4/4
  1201 | D:2      | Identified the ring "Cuny" {Wiz *Slow Str+9 Dex+2}
  1439 | D:2      | Identified the +8 whip of the Loving Coward {elec, Int+5}
  1507 | D:3      | Found a shimmering altar of Xom.
  1508 | D:3      | Noticed a scorpion
  1537 | D:3      | HP: 1/29 [constriction (1)]
  1537 | D:3      | Frozen to death by an endoplasm

Illustrated notes

Levels and vault maps discovered:
D:1:      heliophobic_arrival_henge, layout_loops_cross,
          chequers_ecumenical_altar_island
D:2:      layout_basic, minmay_joined_circles
D:3:      layout_rooms, xom_confusion_cloud

Skill      XL: |  1  2  3 |
---------------+----------+-----
Axes           | 2 |  2.8
Armour         | 4 |  4.3
Fighting       | |  3.8
Shields        | |  3.9

Action                   |  1- 3 |  4- 6 || total
-------------------------+-------+-------++-------
Melee: War axe           |   107 |    61 ||   168
  Use: Potion            |       |     3 ||     3
Armor: Scale mail        |    81 |    56 ||   137
Dodge: Dodged            |    63 |    36 ||    99
Block: Buckler           |    24 |    23 ||    47

Table legend: (Time is in decaauts)
 A = Elapsed time spent in this place.
 B = Non-inter-level travel time spent in this place.
 C = Inter-level travel time spent in this place.
 D = Time resting spent in this place.
 E = Time spent auto-exploring this place.
 F = Levels seen in this place.
 G = Mean time per level.
                   A        B        C        D        E       F      G
               +--------+--------+--------+--------+--------+-----+--------+
         Total |   1613 |   1593 |     20 |      0 |   1188 |   3 |  537.7 |
       Dungeon |   1613 |   1593 |     20 |      0 |   1188 |   3 |  537.7 |
               +--------+--------+--------+--------+--------+-----+--------+

Top non-repeatable levels by time:
     D:2: 902 daAuts
     D:1: 674 daAuts
     D:3: 35 daAuts
